 Dungeon Crawl Stone Soup version 0.16.2-12-gd0ad4c3 (webtiles) character file.

69357 Humble the Severer (level 15, -3/135 (138) HPs)
             Began as a Hill Orc Fighter on Oct 6, 2015.
             Was the Champion of Beogh.
             Killed by divine providence
             ... invoked by a deep elf high priest
              (11 damage)
             ... on level 3 of the Elven Halls on Oct 8, 2015.
             The game lasted 02:10:16 (20056 turns).

Humble the Severer (Hill Orc Fighter)              Turns: 20056, Time: 02:10:16

HP:   -3/135 (138)  AC: 39    Str: 25    XL:     15   Next: 29%
MP:   18/18         EV:  5    Int:  4    God:    Beogh [******]
Gold: 1680          SH:  0    Dex: 15    Spells: 0 memorised, 14 levels left

rFire  . . .     SeeInvis .     o - +5 battleaxe (chop)
rCold  . . .     Clarity  .     b - +2 crystal plate armour of Nitsext {rElec rPois Int-5 Dex+5}
rNeg   . . .     SustAb   .     (no shield)
rPois  +         Gourm    .     P - +2 helmet
rElec  +         Spirit   .     u - +1 cloak
rCorr  .         Warding  .     t - +1 pair of gloves
rMut   .         Stasis   .     w - +1 pair of boots
MR     +....                    (no amulet)
Stlth  ..........               y - +5 ring of slaying
                                B - ring of poison resistance

@: about to teleport, somewhat resistant to hostile enchantments, extremely
unstealthy
A: walk on water
a: Smiting, Recall Orcish Followers, Give Item to Named Follower, Renounce
Religion


You were on level 3 of the Elven Halls.
You worshipped Beogh.
Beogh was exalted by your worship.
You were not hungry.

You visited 7 branches of the dungeon, and saw 27 of its levels.

You collected 1680 gold pieces.

Inventory:

Hand weapons
 a - a +3 war axe
 o - a +5 battleaxe of chopping (weapon)
 C - a +2 antimagic executioner's axe
Armour
 b - the +2 crystal plate armour of Nitsext (worn) {rElec rPois Int-5 Dex+5}
   (You acquired it on level 3 of the Lair of Beasts)

   It affects your intelligence (-5).
   It affects your dexterity (+5).
   It insulates you from electricity.
   It protects you from poison.
 c - a +1 shield
 t - a +1 pair of gloves (worn)
 u - a +1 cloak (worn)
 w - a +1 pair of boots (worn)
 P - a +2 helmet (worn)
Jewellery
 h - an uncursed amulet of regeneration
 l - an uncursed ring of ice
 m - a +4 ring of protection
 y - a +5 ring of slaying (right hand)
 B - a ring of poison resistance (left hand)
 D - a +3 ring of protection
 U - an uncursed amulet of stasis
 Z - an uncursed ring of positive energy
Magical devices
 j - a wand of flame (32)
 q - a wand of confusion (20)
 s - a wand of polymorph (5)
 J - a wand of cold (10)
 W - a wand of digging (22)
 X - a wand of digging (15)
Scrolls
 x - 10 scrolls of remove curse
 A - 2 scrolls of identify
 E - a scroll of blinking
 F - 3 scrolls of recharging
 H - a scroll of enchant armour
 M - 5 scrolls of teleportation
 O - a scroll of holy word
 R - 2 scrolls of fear
Potions
 f - 4 potions of restore abilities
 k - 16 potions of curing
 p - a potion of might
 G - 2 potions of invisibility
 K - a potion of ambrosia
 L - a potion of resistance
 N - 2 potions of agility
 S - 2 potions of flight
 V - 3 potions of heal wounds
 Y - a potion of haste
Miscellaneous
 I - a sack of spiders
Comestibles
 d - 4 meat rations
 g - 2 royal jellies
 n - 7 bread rations


   Skills:
 + Level 14.0 Fighting
 + Level 19.1 Axes
   Level 0.4(11.1) Polearms
 + Level 13.3 Armour
 - Level 0.1 Dodging
 + Level 14.4 Shields
 + Level 0.4 Unarmed Combat
 + Level 2.1 Invocations
 + Level 1.4 Evocations


You had 14 spell levels left.
You didn't know any spells.

Dungeon Overview and Level Annotations

Branches:
Dungeon (11/15)            Temple (1/1) D:5            Lair (4/8) D:10
  Swamp (3/5) Lair:4       Spider (1/5) Lair:4          Orc (4/4) D:11
    Elf (3/3) Orc:4

Altars:
Ashenzari
Cheibriados
Dithmenos
Elyvilon
Fedhas
Gozag
Kikubaaqudgha
Makhleb
Nemelex Xobeh
Okawaru
Qazlal
Ru
Sif Muna
Trog
Vehumet
Xom
Yredelemnul
Zin
The Shining One

Shops:
D:7 [   Orc:4 (

Annotations:
D:5 knot's ghost, experienced DsAs
Lair:1 exclusion: 2 oklob plants


Message History

* * * LOW HITPOINT WARNING * * *
Ugbert convulses!
Morguth convulses!
The deep elf high priest calls down the wrath of its god upon you.
Something smites you!
* * * LOW HITPOINT WARNING * * *
Your orc warrior hits the deep elf high priest with a short sword!!
The deep elf high priest dies!
Beogh accepts your kill.
Beogh appreciates your killing of a heretic priest.
Beogh blesses Ugbert with healing.
Ugbert looks more experienced.
You hear a shout!
Use which ability? (? or * to list)
Okay, then.
Read which item? (? for menu, Esc to quit)
As you read the scroll of teleportation, it crumbles to dust.
You feel strangely unstable.
Ugbert barely misses the sun demon.
The deep elf high priest mumbles some strange prayers to its god against you.
Something smites you!
You die...

*,,,,,,,,.....ยง.,,,,,,,,*
*,,,,,,*,,..3..,,*,,,,,,* *
*,,,,,**,,..ee.,,**,,,,,* *
*,,,,***,,,ee.,,,,**,,,,* *
*,,****,,,,eee,,,,*,**,,* *
*,**,,,,,,*#4#*,,,,,***,* *
*,*,,,,,***#3#***,,,,,*,* *
*,,,,,*** #o# ***,,,,,* *
*,,,*** #@# ***,,,* *,***
#o# ***,* *** #o# *** ##o#
### #oo# *** ###.### #.##
### *,, #.....# #o#######/#
*,,
#.....####o##oo....##*****,,
#.....'......oo.....+,,,,+,,


You could see a deep elf blademaster, a deep elf annihilator, a deep elf death
mage, an ice devil, a sun demon, 3 deep elf demonologists, a deep elf high
priest, a sixfirhy, the friendly Berold the orc warlord, the friendly Borgk the
orc warlord, a friendly orc knight (frenzied), the friendly Morguth the orc
knight (frenzied), the friendly Ugbert the orc knight (frenzied), the friendly
Ugbert the orc high priest (frenzied), a friendly orc warrior (frenzied) and a
friendly orc wizard (frenzied).

Vanquished Creatures
  A deep elf blademaster (Elf:2)
  Roxanne (Spider:1)
  Donald (Spider:1)
  3 hydras
  8 dancing weapons (Elf:2)
  2 alligators (Swamp:2)
  An unseen horror (D:10)
  8 deep elf knights
  4 deep elf summoners
  3 hill giants
  A swamp dragon (Swamp:2)
  6 deep elf conjurers
  2 wolf spiders (Spider:1)
  An orc knight (D:11)
  2 orb spiders
  A griffon (Lair:3)
  2 slime creatures (Swamp:2)
  Maurice (D:8)
  A manticore (D:9)
  6 spiny frogs
  A gargoyle (D:10)
  4 deep elf priests (Elf:2)
  A kobold demonologist (D:10)
  A demonic crawler (Elf:2)
  A komodo dragon (Lair:1)
  A two-headed ogre (D:11)
  A giant leech (Swamp:1)
  A troll (D:10)
  2 shadows
  6 bog bodies
  A raven (Swamp:2)
  2 tarantellas (Spider:1)
  A blink frog (Lair:3)
  4 redbacks
  26 yaks
  Eustachio (D:7)
  5 vampire mosquitoes
  A wyvern (D:10)
  11 deep elf fighters
  6 deep elf magi
  A neqoxec (D:10)
  2 hippogriffs
  A warg (Orc:4)
  6 insubstantial wisps (Swamp:2)
  6 swamp worms
  7 porcupines
  4 ice beasts
  7 water moccasins
  4 sky beasts
  3 spiders (Spider:1)
  4 swamp drakes
  2 phantoms
  4 orc warriors
  4 black bears
  6 crocodiles
  The ghost of Sokengo the Chopper, an average HuBe of Trog (D:3)
  A wasp (D:9)
  5 ogres
  2 centaurs
  5 giant frogs
  Blork the orc (D:6)
  2 scorpions
  A wyvern skeleton (D:8)
  11 killer bees
  5 electric eels
  3 goliath beetles
  A centaur zombie (D:8)
  5 crimson imps
  4 orc wizards
  Crazy Yiuf (D:2)
  2 giant frog skeletons
  4 centaur skeletons
  5 iguanas
  A wasp zombie (D:9)
  7 hell rats
  3 orc priests
  3 hounds
  Natasha (thrice) (D:6)
  6 worker ants
  5 sheep (Lair:4)
  2 killer bee zombies
  Ijyb (D:6)
  A hound zombie (D:11)
  3 hound skeletons
  2 worker ant zombies
  Robin (D:2)
  14 river rats
  6 gnolls
  16 adders
  7 shadow imps
  An ufetubus (D:7)
  An adder zombie (D:8)
  2 adder skeletons
  3 giant geckos
  An ooze (D:2)
  30 orcs
  20 bats
  5 giant cockroaches
  15 hobgoblins
  3 jackals (D:6)
  16 kobolds
  11 quokkas
  A ball python (D:3)
  5 giant newts
  A giant spore (D:9)
  22 goblins
  13 rats
  A ballistomycete (D:9)
  A fungus (Lair:4)
  8 plants
493 creatures vanquished.

Vanquished Creatures (collateral kills)
  Rupert (Lair:3)
  A deep elf high priest (Elf:3)
  A ghost crab (Swamp:3)
  10 hydras
  Erica (Orc:4)
  5 dancing weapons (Elf:2)
  3 deep elf knights (Elf:2)
  An unseen horror (D:10)
  2 swamp dragons
  2 deep elf summoners
  A shambling mangrove (Swamp:2)
  An oklob plant (Lair:4)
  2 deep elf conjurers
  3 orb spiders (Spider:1)
  2 black mambas (Lair:2)
  7 spiny frogs
  A demonic crawler (Spider:1)
  A komodo dragon (Lair:3)
  A fire drake (Lair:3)
  A troll (Orc:3)
  3 deep elf priests
  5 jumping spiders
  2 ravens (Swamp:2)
  2 blink frogs (Lair:3)
  4 slime creatures (Swamp:2)
  A giant leech (Lair:4)
  5 trapdoor spiders (Spider:1)
  2 redbacks
  A shadow (Swamp:1)
  2 basilisks
  A deep elf mage (Elf:2)
  4 tarantellas (Spider:1)
  14 yaks
  10 deep elf fighters
  A warg (Orc:4)
  7 swamp worms
  2 hippogriffs (Lair:1)
  2 vampire mosquitoes
  8 insubstantial wisps (Swamp:2)
  A porcupine (Lair:1)
  A spider (Spider:1)
  A water moccasin (Swamp:1)
  2 orc warriors
  A boring beetle (Lair:4)
  3 crocodiles
  2 giant frogs (Lair:3)
  A scorpion (Spider:1)
  A killer bee (D:11)
  A crimson imp (D:10)
  A goliath beetle (D:11)
  A hound (Lair:2)
  A giant frog skeleton (D:10)
  7 hell rats
  3 iguanas
  An orc wizard (D:11)
  2 sheep (Lair:4)
  An adder (Lair:2)
  8 river rats
  7 orcs
  A kobold (D:10)
  2 quokkas
  A bush (Lair:4)
  A fungus (Lair:2)
  A plant (Lair:2)
175 creatures vanquished.

Vanquished Creatures (others)
  An orc knight (Swamp:2)
  A demonic crawler (Elf:2)
  6 orc warriors
  A redback (Spider:1)
  2 orc priests
  2 orc wizards (Elf:1)
  17 orcs
  4 fungi
  3 plants
37 creatures vanquished.

Grand Total: 705 creatures vanquished

Notes
Turn   | Place    | Note
--------------------------------------------------------------
     0 | D:1      | Humble, the Hill Orc Fighter, began the quest for the Orb.
     0 | D:1      | Reached XP level 1. HP: 19/19 MP: 1/1
   246 | D:1      | Reached XP level 2. HP: 25/27 MP: 2/2
   969 | D:2      | Noticed Robin
   983 | D:2      | Reached XP level 3. HP: 30/33 MP: 3/3
   993 | D:2      | Killed Robin
   993 | D:2      | Reached skill level 4 in Fighting
  1161 | D:2      | Reached XP level 4. HP: 37/40 MP: 4/4
  1289 | D:2      | Found a glowing silver altar of Zin.
  1289 | D:2      | Found a burning altar of Makhleb.
  1290 | D:2      | Noticed an Executioner
  1290 | D:2      | Noticed an angel
  1376 | D:2      | Noticed Crazy Yiuf
  1388 | D:2      | Killed Crazy Yiuf
  1759 | D:2      | Reached XP level 5. HP: 34/47 MP: 5/5
  2148 | D:3      | Noticed a centaur
  2152 | D:3      | Found a shadowy altar of Dithmenos.
  2173 | D:3      | Killed a centaur
  2183 | D:3      | Noticed Sokengo's ghost (average HuBe)
  2330 | D:3      | Reached XP level 6. HP: 53/53 MP: 6/6
  2402 | D:3      | Found a sacrificial altar of Ru.
  2437 | D:3      | Reached skill level 5 in Shields
  2531 | D:3      | Killed Sokengo's ghost
  2586 | D:3      | Reached skill level 5 in Armour
  3024 | D:4      | Reached XP level 7. HP: 54/60 MP: 7/7
  3032 | D:4      | Reached skill level 5 in Fighting
  3109 | D:4      | Found a shattered altar of Ashenzari.
  3121 | D:4      | Reached skill level 5 in Axes
  3296 | D:4      | Found a stormy altar of Qazlal.
  3296 | D:4      | Found a radiant altar of Vehumet.
  3855 | D:5      | Entered Level 5 of the Dungeon
  3889 | D:5      | Reached skill level 6 in Shields
  4092 | D:5      | Found a staircase to the Ecumenical Temple.
  4118 | Temple   | Entered the Ecumenical Temple
  4210 | D:5      | Gained mutation: You tend to lose your temper in combat. [potion of mutation]
  4210 | D:5      | Lost mutation: You tend to lose your temper in combat. [potion of mutation]
  4210 | D:5      | Gained mutation: You passively map a small area around you. [potion of mutation]
  4243 | D:5      | Noticed knot's ghost (experienced DsAs)
  4294 | D:5      | Found a shattered altar of Ashenzari.
  4295 | D:5      | Became a worshipper of Beogh the Brigand
  4742 | D:6      | Gained mutation: You are partially covered in large bone plates (AC +2, SH +2). [potion of mutation]
  4742 | D:6      | Gained mutation: You are robust (+10% HP). [potion of mutation]
  4742 | D:6      | Gained mutation: You possess an exceptional clarity of mind. [potion of mutation]
  4836 | D:6      | Reached XP level 8. HP: 72/75 MP: 8/8
  4841 | D:6      | Noticed Blork the orc
  4855 | D:6      | Killed Blork the orc
  4926 | D:6      | Noticed Natasha
  4932 | D:6      | Killed Natasha
  5010 | D:6      | Noticed Natasha
  5017 | D:6      | Killed Natasha
  5041 | D:6      | Noticed Ijyb
  5045 | D:6      | Killed Ijyb
  5066 | D:6      | Acquired Beogh's first power
  5179 | D:6      | Noticed Natasha
  5183 | D:6      | Killed Natasha
  5323 | D:6      | Found a stormy altar of Qazlal.
  5324 | D:6      | Noticed an air elemental
  5324 | D:6      | Noticed a fire elemental
  5324 | D:6      | Noticed a water elemental
  5416 | D:6      | Reached skill level 7 in Axes
  5911 | D:7      | Noticed Eustachio
  5935 | D:7      | Killed Eustachio
  5935 | D:7      | Reached XP level 9. HP: 47/85 MP: 10/10
  6228 | D:7      | Got a translucent dagger
  6229 | D:7      | Identified the +7 dagger of Curses {venom, Str+3} (You found it on level 7 of the Dungeon)
  6381 | D:7      | Reached skill level 8 in Axes
  6742 | D:7      | Found Stynky's Armour Emporium.
  7746 | D:8      | Acquired Beogh's second power
  7851 | D:8      | Reached skill level 9 in Axes
  7914 | D:8      | Noticed Maurice
  7932 | D:8      | Killed Maurice
  8849 | D:9      | Reached XP level 10. HP: 89/96 MP: 11/11
  9011 | D:9      | Reached skill level 10 in Axes
  9020 | D:9      | Found an iron altar of Okawaru.
  9439 | D:9      | Noticed a manticore
  9443 | D:9      | Killed a manticore
  9443 | D:9      | Reached skill level 11 in Axes
  9555 | D:9      | Acquired Beogh's third power
  9737 | D:10     | Entered Level 10 of the Dungeon
  9739 | D:10     | Noticed a hill giant
  9754 | D:10     | Killed a hill giant
 10050 | D:10     | Reached skill level 12 in Axes
 10053 | D:10     | Reached skill level 10 in Shields
 10053 | D:10     | Reached XP level 11. HP: 78/106 MP: 12/12
 10064 | D:10     | Gained Borgk as an ally
 10332 | D:10     | Acquired Beogh's fourth power
 10366 | D:10     | Reached skill level 13 in Axes
 10411 | D:10     | Noticed a hill giant
 10424 | D:10     | Killed a hill giant
 10424 | D:10     | Reached skill level 10 in Fighting
 10440 | D:10     | Killed an unseen horror
 10736 | D:10     | Killed an unseen horror
 10805 | D:10     | Found a staircase to the Lair.
 11005 | Lair:1   | Entered Level 1 of the Lair of Beasts
 11025 | Lair:1   | Reached skill level 10 in Armour
 11121 | Lair:1   | Reached skill level 14 in Axes
 11194 | Lair:1   | Reached XP level 12. HP: 117/117 MP: 13/13
 11395 | Lair:1   | Acquired Beogh's fifth power
 11448 | Lair:1   | Gained mutation: You are partially covered in icy blue scales (AC +1). [potion of beneficial mutation]
 11472 | Lair:1   | Noticed a five-headed hydra
 11480 | Lair:1   | Killed a six-headed hydra
 11902 | Lair:1   | Noticed a five-headed hydra
 11914 | Lair:1   | Killed a 11-headed hydra
 12286 | Lair:2   | Gained Berold as an ally
 12705 | Lair:2   | Noticed a five-headed hydra
 12713 | Lair:2   | Killed an eight-headed hydra
 13051 | Lair:3   | Noticed a four-headed hydra
 13059 | Lair:3   | Killed a six-headed hydra
 13283 | Lair:3   | Identified a scroll of acquirement
 13284 | Lair:3   | Got a faintly glowing crystal plate armour
 13295 | Lair:3   | Identified the +2 crystal plate armour of Nitsext {rElec rPois Int-5 Dex+5} (You acquired it on level 3 of the Lair of Beasts)
 13422 | Lair:3   | Noticed a four-headed hydra
 13433 | Lair:3   | Killed a nine-headed hydra
 13433 | Lair:3   | Reached skill level 15 in Axes
 13440 | Lair:3   | Reached skill level 1 in Evocations
 13495 | Lair:3   | Noticed Rupert
 13496 | Lair:3   | Paralysed by Rupert for 6 turns
 13505 | Lair:3   | Killed Rupert
 13524 | Lair:3   | Gained Bogbarth as an ally
 13786 | Lair:4   | Lost mutation: You are robust (+10% HP). [potion of cure mutation]
 13786 | Lair:4   | Lost mutation: You passively map a small area around you. [potion of cure mutation]
 13786 | Lair:4   | Lost mutation: You are partially covered in large bone plates (AC +2, SH +2). [potion of cure mutation]
 13786 | Lair:4   | Lost mutation: You possess an exceptional clarity of mind. [potion of cure mutation]
 13786 | Lair:4   | Lost mutation: You are partially covered in icy blue scales (AC +1). [potion of cure mutation]
 13787 | Lair:4   | Gained mutation: You are partially covered in rugged brown scales (AC +1, +3% HP). [potion of mutation]
 13787 | Lair:4   | Gained mutation: You have a pair of small antennae on your head. [potion of mutation]
 13918 | Lair:4   | Lost mutation: You have a pair of small antennae on your head. [potion of cure mutation]
 13918 | Lair:4   | Lost mutation: You are partially covered in rugged brown scales (AC +1, +3% HP). [potion of cure mutation]
 14065 | Lair:4   | Found a hole to the Spider Nest.
 14223 | Lair:4   | Reached XP level 13. HP: 114/114 MP: 16/16
 14290 | Lair:4   | Found a staircase to the Swamp.
 14310 | Swamp:1  | Entered Level 1 of the Swamp
 14399 | Swamp:1  | Reached skill level 16 in Axes
 15724 | Swamp:2  | Your ally Bogbarth died
 16200 | Swamp:2  | Reached skill level 17 in Axes
 16431 | Spider:1 | Entered Level 1 of the Spider Nest
 16447 | Spider:1 | Reached XP level 14. HP: 115/124 MP: 17/17
 16485 | Spider:1 | Noticed Roxanne
 16510 | Spider:1 | Killed Roxanne
 16724 | Spider:1 | Noticed Donald
 16744 | Spider:1 | Killed Donald
 16885 | Lair:2   | Reached skill level 1 in Invocations
 17230 | D:11     | Found a staircase to the Orcish Mines.
 17723 | Orc:1    | Entered Level 1 of the Orcish Mines
 18264 | Orc:4    | Entered Level 4 of the Orcish Mines
 18265 | Orc:4    | Noticed Erica
 18270 | Orc:4    | Killed Erica
 18301 | Orc:4    | Found Qucamo Rime's Weapon Shop.
 18366 | Orc:4    | Found a staircase to the Elven Halls.
 18397 | Elf:1    | Entered Level 1 of the Elven Halls
 18830 | Elf:2    | Gained Morguth as an ally
 18920 | Elf:2    | Reached skill level 18 in Axes
 19429 | Elf:2    | Found a huge runed gate.
 19430 | Elf:2    | Found a huge runed gate.
 19431 | Elf:2    | Found a huge runed gate.
 19431 | Elf:2    | Found a huge runed gate.
 19432 | Elf:2    | Found a huge runed gate.
 19588 | Elf:2    | Reached XP level 15. HP: 115/134 MP: 18/18
 19611 | Elf:2    | Gained Ugbert as an ally
 19686 | Elf:2    | Noticed a deep elf blademaster
 19699 | Elf:2    | Killed a deep elf blademaster
 19729 | Elf:2    | Reached skill level 19 in Axes
 19982 | Elf:3    | Entered Level 3 of the Elven Halls
 20013 | Elf:3    | Found a glowing silver altar of Zin.
 20052 | Elf:3    | Noticed a deep elf blademaster
 20053 | Elf:3    | Noticed a deep elf blademaster
 20055 | Elf:3    | Gained Ugbert as an ally
 20056 | Elf:3    | Killed from afar by a deep elf high priest

Action                   |  1- 3 |  4- 6 |  7- 9 | 10-12 | 13-15 || total
-------------------------+-------+-------+-------+-------+-------++-------
Melee: War axe           |   123 |   163 |   545 |   529 |   672 ||  2032
       Unarmed           |       |       |       |    16 |       ||    16
       Halberd           |       |       |       |     2 |       ||     2
       Battleaxe         |       |       |       |       |     7 ||     7
Invok: Convert to Beogh  |       |       |     1 |       |       ||     1
       Give Item to Name |       |       |       |     2 |     2 ||     4
       Recall Orcish Fol |       |       |       |     1 |    12 ||    13
       Stop Recall       |       |       |       |       |     2 ||     2
 Abil: Evoke Teleportati |       |       |     1 |       |       ||     1
Evoke: Wand              |       |     2 |     5 |     3 |       ||    10
  Use: Scroll            |       |     7 |     8 |    16 |    15 ||    46
       Potion            |       |     1 |     8 |     7 |     2 ||    18
 Stab: Invisible         |       |     2 |       |       |       ||     2
       Distracted        |       |       |       |     2 |    10 ||    12
  Eat: Chunk             |     1 |     6 |    10 |    15 |     9 ||    41
       Beef jerky        |       |       |     3 |       |     3 ||     6
       Pizza             |       |       |     1 |     1 |     2 ||     4
       Bread ration      |       |       |     1 |       |       ||     1
       Fruit             |       |       |       |     1 |     5 ||     6
